 Dungeon Crawl Stone Soup version 0.18-a0-1285-g60d00e1 (webtiles) character file.

191 Duffy the Insei (level 5, -3/25 HPs)
             Began as a Spriggan Transmuter on Feb 9, 2016.
             Slain by Grinder (5 damage)
             ... on level 2 of the Dungeon.
             The game lasted 00:07:30 (4609 turns).

Duffy the Insei (Spriggan Transmuter)               Turns: 4609, Time: 00:07:30

Health: -3/25      AC:  2    Str:  8    XL:     5   Next: 41%
Magic:  8/10       EV: 24    Int: 15    God:
Gold:   80         SH:  0    Dex: 22    Spells: 2 memorised, 5 levels left

rFire  . . .     SeeInvis +       - Unarmed
rCold  + . .     Gourm    .     (armour currently unavailable)
rNeg   . . .     Faith    .     (shield currently unavailable)
rPois  x         Spirit   .     (helmet currently unavailable)
rElec  .         Dismiss  .     (cloak currently unavailable)
rCorr  .         Reflect  .     (gloves unavailable)
SustAt .         Harm     .     (boots unavailable)
MR     .....                    (no amulet)
Stlth  ++........               p - +2 ring of strength
                                m - ring of protection from cold

@: spider-form (expiring), not resistant to hostile enchantments, unstealthy
A: unfitting armour, see invisible, herbivore 3, (speed 0), slow metabolism 2
a: End Transformation


You were on level 2 of the Dungeon.
You were not hungry.
You were a venomous arachnid creature.
You visited 1 branch of the dungeon, and saw 3 of its levels.

You collected 80 gold pieces.


Innate Abilities, Weirdness & Mutations

You are tiny and cannot use many weapons and most armour.
You have supernaturally acute eyesight.
You are a herbivore.
((You cover ground extremely quickly.))
You need consume almost no food.


   Skills:
 - Level 1.0 Fighting
 - Level 4.4 Dodging
 - Level 4.6 Unarmed Combat
 + Level 2.7 Spellcasting
 - Level 2.6 Transmutations


You had 5 spell levels left.
You knew the following spells:

 Your Spells              Type           Power        Failure   Level  Hunger
a - Beastly Appendage     Trmt           ##....       24%         1    #......
l - Spider Form           Trmt/Pois      #.........   56%         3    ###....

Inventory:

Hand Weapons
 x - a +0 blowgun (melded)
 z - a +3 quarterstaff of chaos
Missiles
 a - 52 arrows
 y - 17 poisoned needles
Armour
 b - a +0 robe (melded)
 e - a +0 cloak of magic resistance (melded)
Jewellery
 j - an uncursed amulet of dismissal
 m - a ring of protection from cold (left front leg)
 n - a +3 ring of intelligence {unknown}
 p - a +2 ring of strength (right front leg)
Wands
 q - a wand of random effects (0/48)
Scrolls
 f - 2 scrolls of remove curse {unknown}
 h - a scroll of fear {unknown}
 k - 2 scrolls of enchant armour {unknown}
 o - 3 scrolls of identify {unknown}
 r - a scroll of immolation {unknown}
 t - a scroll of random uselessness {unknown}
 v - a scroll of blinking {unknown}
 w - a scroll of recharging {unknown}
Potions
 g - a potion of heal wounds {unknown}
 i - 4 potions of curing {unknown}
 s - a potion of flight {unknown}
 u - a potion of cure mutation {unknown}
Books
 c - a book of Changes
 l - a book of Flames
Comestibles
 d - 2 bread rations

Dungeon Overview and Level Annotations

Branches:
Dungeon (3/15)

Altars:
Cheibriados
Dithmenos
Makhleb
Nemelex Xobeh
Qazlal
Trog
Zin

Annotations:
D:2 Grinder, Sigmund


Message History

You hit Grinder.
Grinder is poisoned.
Grinder is moderately wounded.
Grinder says, "Wait up."
Grinder gestures at you. You resist with significant effort.
You hit Grinder but do no damage.
Grinder is moderately wounded.
Your transformation is almost over.
Grinder gestures at you. Pain shoots through your body!
You bite Grinder!
Grinder looks even sicker.
Grinder is heavily wounded.
Grinder says, "My boss said I was rubbish.
His entrails said otherwise."
Grinder barely misses you.
You hit Grinder.
Grinder is heavily wounded.
Grinder barely misses you.
You hit Grinder but do no damage.
Grinder is severely wounded.
Grinder closely misses you.
You hit Grinder.
Grinder is almost dead.
Grinder gestures.
Grinder blinks!
You closely miss Grinder.
Grinder is almost dead.
Grinder gestures at you. Pain shoots through your body!
You are too injured to fight recklessly!
You are too injured to fight recklessly!
You hit Grinder but do no damage.
Grinder is almost dead.
Grinder rolls his eyes.
Grinder hits you!
You writhe in agony.
You die...

######..............#
#.................#
###....5..###########
...............>...#
#....#+#####.##....#
'....'.............#
#....#..[....##....#
#....##########....#
.....# #0s5.# ..####
#....# ..# ####....#
..# #.......# ..#
#.......# ..#
#.......# ..#
#.......# ..#
##.....#.### ###
#####..........#


You could see Grinder.

Action                   |  1- 3 |  4- 6 || total
-------------------------+-------+-------++-------
Melee: Unarmed           |   178 |   159 ||   337
 Fire: Blowgun           |       |     3 ||     3
 Cast: Spider Form       |       |     2 ||     2
Evoke: Wand              |       |    11 ||    11
 Stab: Sleeping          |     2 |     2 ||     4
  Eat: Royal jelly       |       |     1 ||     1

Notes
Turn   | Place    | Note
--------------------------------------------------------------
     0 | D:1      | Duffy the Spriggan Transmuter began the quest for the Orb.
     0 | D:1      | Reached XP level 1. HP: 9/9 MP: 5/5
   408 | D:1      | Reached XP level 2. HP: 12/14 MP: 6/6
   950 | D:2      | Found a burning altar of Makhleb.
  1100 | D:2      | Reached skill level 3 in Unarmed Combat
  1172 | D:1      | Reached skill level 4 in Dodging
  1172 | D:1      | Reached XP level 3. HP: 15/17 MP: 8/8
  1248 | D:2      | Learned a level 3 spell: Spider Form
  1613 | D:2      | Found a sparkling altar of Nemelex Xobeh.
  1613 | D:2      | Noticed Jessica
  1618 | D:2      | Killed Jessica
  1618 | D:2      | Reached XP level 4. HP: 19/21 MP: 9/9
  1961 | D:2      | Reached skill level 1 in Fighting
  2223 | D:2      | Found a glowing silver altar of Zin.
  2226 | D:2      | Found a stormy altar of Qazlal.
  2251 | D:2      | Found a shadowy altar of Dithmenos.
  2365 | D:3      | Noticed Sigmund
  2828 | D:3      | Noticed Grinder
  2859 | D:3      | Paralysed by Grinder for 4 turns
  3363 | D:2      | Reached skill level 4 in Unarmed Combat
  3662 | D:3      | Noticed a moth of wrath
  3665 | D:3      | Found a bloodstained altar of Trog.
  3848 | D:3      | Reached XP level 5. HP: 25/25 MP: 10/10
  4041 | D:3      | Noticed Ijyb
  4056 | D:3      | Killed Ijyb
  4129 | D:3      | Noticed Crazy Yiuf
  4137 | D:3      | Killed Crazy Yiuf
  4226 | D:2      | Found a snail-covered altar of Cheibriados.
  4609 | D:2      | Slain by Grinder

Vault maps used:
D:1:      dpeg_arrival_shelter
D:2:      nicolae_overflow_hidden_temple, first_bread,
          nemelex_lonely_heart_becter, uniq_jessica
D:3:      lemuel_upstairs_altar, tgw_trog, uniq_iyjb, uniq_sigmund,
          uniq_crazy_yiuf_cottage, uniq_grinder

Vanquished Creatures
  Crazy Yiuf Jessica Ijyb
  4 adders
  An adder zombie
  An ooze
  2 worms
  3 giant geckos
  An orc
  9 bats
  A giant cockroach
  10 goblins
  2 hobgoblins
  3 jackals
  4 kobolds
  2 quokkas
  A ball python
  6 giant newts
  11 rats
  A fungus
65 creatures vanquished.
